 Dungeon Crawl Stone Soup version 0.30-a0-743-gbfdf073431 (webtiles) character file.

Game seed: 3599632278208665847

2818 Angani the Martial Artist (level 10, 0/94 HPs)
             Began as a Meteoran Monk on Feb 5, 2023.
             Was a Priest of Qazlal.
             Slain by a killer bee (1 damage)
             ... on level 8 of the Dungeon.
             The game lasted 00:16:30 (3402 turns).

Angani the Martial Artist (Meteoran Monk)           Turns: 3402, Time: 00:16:31

Health: 0/94       AC: 13    Str: 15    XL:     10   Next: 22%
Magic:  11/11      EV:  8    Int: 19    God:    Qazlal [***...]
Gold:   233        SH: 18    Dex: 18    Spells: 9/9 levels left

rFire   . . .      SeeInvis .      - Unarmed
rCold   . . .      Faith    +    z - +0 tower shield
rNeg    . . .      Spirit   .    e - +0 scale mail
rPois   .          Reflect  .    o - +0 helmet
rElec   .          Harm     .    i - +1 cloak
rCorr   +          Rampage  .    (no gloves)
Will    +....                    b - +1 pair of boots {Fly}
Stlth   +                        d - amulet of faith
HPRegen 0.35/turn                y - +6 ring of intelligence
MPRegen 0.12/turn                B - ring of resist corrosion

@: about to teleport, marked, flying, mesmerised, glowing
A: sense surroundings 2, otherworldly, glowing, explore regen, robust 1
a: Renounce Religion, Upheaval, Elemental Force


You were on level 8 of the Dungeon.
You worshipped Qazlal.
Qazlal was most pleased with you.
You visited 2 branches of the dungeon, and saw 9 of its levels.
You also visited: Sewer.

You collected 233 gold pieces.

Inventory:

Armour
 b - a +1 pair of boots of flying (worn)
 e - a +0 scale mail (worn)
 i - a +1 cloak (worn)
 o - a +0 helmet (worn)
 z - a +0 tower shield (worn)
Jewellery
 d - an amulet of faith (around neck)
 l - a ring of fire
 q - a ring of magical power
 y - a +6 ring of intelligence (left hand)
 B - a ring of resist corrosion (right hand)
Wands
 s - a wand of light (9)
 w - a wand of flame (10)
Scrolls
 a - 4 scrolls of teleportation
 h - a scroll of fog {unknown}
 j - 3 scrolls of magic mapping
 n - a scroll of poison {unknown}
 p - a scroll of noise {unknown}
 r - a scroll of blinking {unknown}
 t - a scroll of summoning {unknown}
 C - 2 scrolls of amnesia {unknown}
Potions
 c - 2 potions of mutation
 f - 2 potions of attraction
 g - 3 potions of might
 k - a potion of invisibility
 m - 5 potions of curing
 u - a potion of magic
 v - a potion of brilliance
 x - a potion of resistance {unknown}
 A - a potion of flight {unknown}


   Skills:
 - Level 7.5 Fighting
 - Level 6.0 Armour
 - Level 5.5 Dodging
 - Level 1.4 Stealth
 + Level 4.7 Shields
 - Level 11.1 Unarmed Combat


You had 9 spell levels left.
You didn't know any spells.
Your spell library contained the following spells:

 Spells                   Type           Power      Damage    Failure   Level
 Cigotuvi's Dreadful Rot  Necr/Pois/Air  0%         N/A       100%        2
 Ensorcelled Hibernation  Hex/Ice        0%         N/A       100%        2
 Sublimation of Blood     Necr           0%         N/A       100%        2
 Simulacrum               Ice/Necr       0%         N/A       100%        6


Dungeon Overview and Level Annotations

Branches:
Dungeon (8/15) Zot: 1968   Temple (1/1) D:6 Zot: 449   Sewer (visited)
   Lair: D:8-11

Altars:
Ashenzari
Cheibriados
Dithmenos
Fedhas
Gozag
Hepliaklqana
Kikubaaqudgha
Makhleb
Nemelex Xobeh
Okawaru
Qazlal
Ru
Sif Muna
Trog
Uskayaw
Vehumet
Wu Jian
Xom
Yredelemnul
Zin
The Shining One

Shops:
D:1 *[

Annotations:
D:8 Maggie


Innate Abilities, Weirdness & Mutations

You passively map the area around you.
You are easily found by Zot.
You glow in the dark.
You regain HP and MP as you explore.
You are robust. (+10% HP)


Message History

* * * LOW HITPOINT WARNING * * *
You block Maggie's attack.
A yak comes into view.
The ice beast closely misses you. The kobold brigand closely misses you.
The centaur hits you but does no damage.
The centaur kicks you but does no damage.
You punch the ice beast!
The ice beast is heavily wounded.
Your surroundings seem slightly different.
You block the killer bee's attack. You block the troll's attack. x2
The troll claws you!
* * * LOW HITPOINT WARNING * * *
The killer bee misses you.
Unknown command.
Okay, then.
As you read the scroll of teleportation, it crumbles to dust.
You feel strangely unstable.
The killer bee stings you but does no damage.
The centaur hits you.
* * * LOW HITPOINT WARNING * * *
The centaur barely misses you.
A yak comes into view.
Maggie mumbles some strange words.
Maggie draws you further into her thrall.
You block the troll's attack. x3; The killer bee barely misses you.
The green ugly thing gores you.
* * * LOW HITPOINT WARNING * * *
You barely miss the orc. You block the killer bee's attack.
You block the centaur's attack. The centaur closely misses you.
The orc hits you but does no damage.
An orc comes into view. It is wielding a +0 dagger.
The manticore bites you!
* * * LOW HITPOINT WARNING * * *
The manticore claws you but does no damage.
The manticore claws you.
* * * LOW HITPOINT WARNING * * *
An orc comes into view. It is wielding a +0 club.
You block the troll's attack. x2; The troll claws you but does no damage.
The killer bee stings you.
You die...

,,*,8,*,#.....<..## **,,,,,,,,,,
,,*,*,*,#.........###*,,**,,,,,,,
,,*,*,8,#...).....o...,**,,,,,,,,
,,*,*,*,#.....)).Y####**,,*,,,,,,
,,*,8,*,#...))..o.# ***,**,,,,,,
,,*,*,*,#....KK§Y@###*,,>**,*****
,,*,*,8,#....KyFYYY..Y,****,,*
,,*,*,*,#....Yyuyc####** **,***
*****+**#....hyH@.# *,,,*
*,,#....o..T○o# ***,*
**...o.....ly.# *,*
****##..........# *,**
*,,,*...........# *****,,,
*,,,,,*........##*******,,,,,,*
**,,,***#........,,,,,,,,,***,**
*,,,,,,,.........,,,,,,,,** *,*
**,,,,,,,,,,,,,,,,,,,,,,,,* *,*


You could see a green ugly thing, Maggie (mesmerising), a manticore, 5 yaks, a
troll, a wyvern, an ice beast, a kobold brigand, a bullfrog, a centaur, a howler
monkey, 5 killer bees, 5 orcs and 2 kobolds.

Vanquished Creatures
  Grinder (D:3)
  A hornet (D:8)
  An orc warrior (D:7)
  2 ice beasts
  2 ogres
  A centaur (D:7)
  2 phantoms (D:5)
  A kobold brigand (D:7)
  4 bullfrogs
  A wyvern zombie (D:7)
  Blork the orc (D:4)
  A scorpion (D:6)
  A wight (D:7)
  2 howler monkeys
  A crimson imp (D:6)
  A centaur zombie (D:7)
  2 bullfrog zombies (D:7)
  A quasit (D:6)
  4 hounds
  3 jellies
  A gnoll bouda (D:7)
  Jessica (D:2)
  4 iguanas
  5 orc wizards
  Natasha (D:2)
  2 killer bee zombies (D:7)
  13 adders
  6 gnolls
  6 river rats (Sewer)
  A shadow imp (D:6)
  4 white imps (D:6)
  3 ufetubi
  A worm (D:3)
  3 dart slugs
  13 orcs
  14 ball pythons
  6 endoplasms
  4 giant cockroaches
  2 goblins
  6 hobgoblins
  6 jackals
  13 kobolds
  4 quokkas
  3 bats
  3 frilled lizards
  24 rats
182 creatures vanquished.

Vanquished Creatures (others)
  An orc (D:8)
  A kobold (D:8)
  2 plants (D:4)
  2 withered plants (D:7)
6 creatures vanquished.

Grand Total: 188 creatures vanquished

Notes
Turn   | Place    | Note
-------+----------+-------------------------------------------
     0 | D:1      | Angani the Meteoran Monk began the quest for the Orb.
     0 | D:1      | Reached XP level 1. HP: 19/19 MP: 2/2
    98 | D:1      | Found Vebunk's Assorted Antiques.
   114 | D:1      | Reached XP level 2. HP: 14/26 MP: 3/3
   143 | D:1      | Found Xeath's Antique Armour Emporium.
   158 | D:1      | Reached skill level 4 in Unarmed Combat
   270 | D:1      | Reached skill level 1 in Armour
   295 | D:1      | Reached XP level 3. HP: 26/31 MP: 4/4
   526 | D:2      | Noticed Jessica
   557 | D:2      | Killed Jessica
   558 | D:2      | Reached XP level 4. HP: 40/40 MP: 5/5
   589 | D:3      | Noticed Grinder
   605 | D:3      | Found an opulent altar of Gozag.
   628 | D:3      | Reached skill level 5 in Unarmed Combat
   628 | D:3      | Reached XP level 5. HP: 46/46 MP: 6/6
   629 | D:3      | Paralysed by Grinder for 2 turns
   641 | D:3      | Killed Grinder
   642 | D:3      | Reached skill level 6 in Unarmed Combat
   642 | D:3      | Reached XP level 6. HP: 53/53 MP: 7/7
   642 | D:3      | Reached XP level 7. HP: 60/60 MP: 8/8
   704 | D:2      | Noticed Natasha
   711 | D:2      | Killed Natasha
   902 | D:3      | Found a glowing drain.
   916 | Sewer    | Entered a sewer
   946 | Sewer    | Reached skill level 5 in Fighting
   946 | Sewer    | Reached skill level 7 in Unarmed Combat
  1232 | Sewer    | Reached XP level 8. HP: 44/68 MP: 9/9
  1273 | Sewer    | Gained mutation: You are robust. (+10% HP) [potion of
                  | mutation]
  1484 | D:3      | Identified a scroll of acquirement
  1485 | D:3      | Acquired a +0 pair of boots of flying
  1543 | D:5      | Entered Level 5 of the Dungeon
  1591 | D:4      | Reached skill level 8 in Unarmed Combat
  1620 | D:4      | Reached skill level 5 in Armour
  1897 | D:4      | Noticed Blork the orc
  1906 | D:4      | Killed Blork the orc
  2179 | D:5      | Reached skill level 9 in Unarmed Combat
  2179 | D:5      | Gained mutation: You passively map the area around you.
                  | [Meteoran growth]
  2179 | D:5      | Reached XP level 9. HP: 60/82 MP: 10/10
  2553 | D:6      | Reached skill level 10 in Unarmed Combat
  2585 | D:6      | Found a staircase to the Ecumenical Temple.
  2589 | Temple   | Entered the Ecumenical Temple
  2734 | Temple   | Became a worshipper of Qazlal Stormbringer
  2734 | Temple   | Reached * piety under Qazlal
  2734 | Temple   | Reached ** piety under Qazlal
  2847 | D:6      | Found a burning altar of Makhleb.
  3010 | D:6      | Reached skill level 5 in Dodging
  3050 | D:7      | Got the Information on Death and the Blizzard
  3147 | D:7      | Reached skill level 11 in Unarmed Combat
  3154 | D:7      | Reached XP level 10. HP: 93/94 MP: 11/11
  3280 | D:7      | Reached skill level 1 in Shields
  3362 | D:7      | Reached *** piety under Qazlal
  3393 | D:8      | Noticed Maggie
  3395 | D:8      | Noticed a green ugly thing
  3397 | D:8      | Noticed a manticore
  3402 | D:8      | HP: 3/94 [manticore (16)]
  3402 | D:8      | HP: 1/94 [manticore (2)]
  3402 | D:8      | Slain by a killer bee

Illustrated notes

Levels and vault maps discovered:
D:1:      evilmike_arrival_crescent, layout_rooms, serial_shops,
          nicolae_shop_hallway_stairs, shop_fountains, roderic_roman_lattice
D:2:      layout_loops_ring, serial_park_tiny_1, uniq_jessica, uniq_natasha
D:3:      layout_loops_ring, nicolae_overflow_hidden_temple,
          portal_sewer_entry_f, nicolae_half_adder, uniq_grinder
D:4:      layout_loops_ring, serial_forest, infiniplex_forest_clump_diagonal,
          infiniplex_forest_clump_small, infiniplex_forest_straight_3,
          infiniplex_forest_end_double, infiniplex_forest_3_way,
          infiniplex_forest_straight_5, infiniplex_forest_straight_3,
          infiniplex_forest_clump_curved, minmay_misc_feat_cross,
          kennysheep_small_spiral, chequers_avenue, uniq_blork_the_orc
D:5:      layout_loops_ring
D:6:      layout_gridville, makhleb_grotto_becter,
          minmay_temple_entry_steel_oval, serial_demonic, serial_demonic_d,
          serial_demonic_c, serial_demonic_e, serial_demonic_e,
          grunt_decor_one_mirror
D:7:      layout_cave_pools, nicolae_elyvilon_peaceful_grove, serial_undead,
          serial_undead_f, serial_undead_b, serial_undead_b, serial_undead_e
D:8:      minmay_distorted_concentric_squares, layout_rooms, enter_bailey_8,
          uniq_maggie
Temple:   compressed_dpeg_triangle_lava_temple

Skill      XL: |  1  2  3  4  5  6  7  8  9 10 |
---------------+-------------------------------+-----
Unarmed Combat | 4 5 6 7 9 11 | 11.1
Armour         | 1 2 3 4 5 6 |  6.0
Fighting       | 4 5 6 7 |  7.5
Dodging        | 5 |  5.5
Shields        | 4 |  4.7
Stealth        | |  1.4

Action                     |  1- 3 |  4- 6 |  7- 9 | 10-12 || total
---------------------------+-------+-------+-------+-------++-------
  Melee: Unarmed           |    95 |    25 |   526 |    52 ||   698
         Punch             |       |     3 |    24 |     3 ||    30
  Evoke: Wand              |       |       |       |     2 ||     2
    Use: Potion            |     1 |     2 |     7 |       ||    10
         Scroll            |       |     5 |     6 |     4 ||    15
   Stab: Invisible         |       |       |       |     1 ||     1
 Armour: Scale mail        |    47 |     8 |   369 |    41 ||   465
         Robe              |     1 |       |       |       ||     1
         Skin              |       |     9 |    11 |       ||    20
  Dodge: Dodged            |    42 |     5 |   285 |    38 ||   370
  Block: Other             |       |       |    10 |       ||    10
         Tower shield      |       |       |       |    64 ||    64

Table legend: (Time is in decaauts)
 A = Elapsed time spent in this place.
 B = Non-inter-level travel time spent in this place.
 C = Inter-level travel time spent in this place.
 D = Time resting spent in this place.
 E = Time spent auto-exploring this place.
 F = Levels seen in this place.
 G = Mean time per level.
                   A        B        C        D        E       F      G
               +--------+--------+--------+--------+--------+-----+--------+
         Total |   3383 |   3115 |    268 |     38 |     60 |  10 |  338.3 |
       Dungeon |   2830 |   2569 |    261 |      5 |      0 |   8 |  353.8 |
        Temple |    150 |    143 |      7 |      0 |     60 |   1 |  150.0 |
         Sewer |    402 |    402 |      0 |     33 |      0 |   1 |  402.0 |
               +--------+--------+--------+--------+--------+-----+--------+

Top non-repeatable levels by time:
     D:3: 572 daAuts
     D:4: 518 daAuts
     D:1: 488 daAuts
     D:5: 423 daAuts
   Sewer: 402 daAuts
     D:6: 368 daAuts
     D:7: 329 daAuts
  Temple: 150 daAuts
     D:2: 94 daAuts
     D:8: 35 daAuts
